 Dungeon Crawl Stone Soup version 0.31.0-9-g3a7656b989 (webtiles) character file.

Game seed: 9159959637538785955

180953 Fv001 the Unseen (level 17, -5/82 (86) HPs)
             Began as a Spriggan Earth Elementalist on Jan 29, 2024.
             Was a High Priest of Dithmenos.
             Incinerated by a deep elf pyromancer (7 damage)
             ... with a pyre arrow
             ... on level 1 of the Elven Halls on Jan 30, 2024.
             The game lasted 03:07:55 (42018 turns).

Fv001 the Unseen (Spriggan Earth Elementalist)     Turns: 42018, Time: 03:07:56

HP:   -5/82 (86)    AC: 11    Str:  6    XL:     17   Next: 32%
MP:   0/31          EV: 27    Int: 19    God:    Dithmenos [*****.]
Gold: 1211          SH:  0    Dex: 25    Spells: 6/52 levels left

rFire   . . .        b - +9 rapier of Ytiqen {flame, rElec MP-9 Dex+4 SInv}
rCold   . . .        (no shield)
rNeg    + + +        M - +2 robe {Will+}
rPois   ∞            G - +0 hat "Esan" {rElec Str+2 SInv}
rElec   +            B - +2 cloak
rCorr   .            (gloves unavailable)
SInv    +            (boots unavailable)
Will    ∞            p - amulet of regeneration Stlth #####*****
                     (no ring)
HPRegen 1.13/turn    C - +4 ring of protection
MPRegen 0.22/turn

%: no passive effects
@: on fire, shadow-form, wreathed by umbra, lightly drained, invisible, very
quick
A: shadow resist, half damage, bleed smoke, invisible, very small, no large
weapons, unfitting armour, see invisible, speed 3, robust 1
}: 1/15 runes: serpentine
a: End Transformation, Renounce Religion, Shadow Step, Shadow Form


You were on level 1 of the Elven Halls.
You worshipped Dithmenos.
Dithmenos was extremely pleased with you.
You were a swirling mass of dark shadows.
You visited 7 branches of the dungeon, and saw 27 of its levels.

You collected 2367 gold pieces.
You spent 1156 gold pieces at shops.

Inventory:

Hand Weapons
 a - a +6 dagger of electrocution
 b - the +9 rapier of Ytiqen (weapon) {flame, rElec MP-9 Dex+4 SInv}
   (You found it on level 3 of the Lair of Beasts)

   Dex+4:     It affects your dexterity (+4).
   rElec:     It insulates you from electricity.
   MP-9:      It affects your magic capacity (-9).
   SInv:      It lets you see invisible.
Missiles
 z - 8 throwing nets
Armour
 e - an orb of energy
 x - +0 swamp dragon scales
 B - a +2 cloak (worn)
 G - the +0 hat "Esan" (worn) {rElec Str+2 SInv}
   (You found it on level 11 of the Dungeon)

   Str+2:     It affects your strength (+2).
   rElec:     It insulates you from electricity.
   SInv:      It lets you see invisible.
 M - a +2 robe of willpower (worn)
 Q - a +2 robe of cold resistance
 W - a +2 buckler of cold resistance
 X - the +1 robe "Zucvic" {rN+ rCorr}
   (You found it on level 2 of the Snake Pit)

   rN+:       It protects you from negative energy.
   rCorr:     It protects you from acid and corrosion.
Magical Staves
 Z - a staff of earth
Jewellery
 c - a ring of resist corrosion
 p - an amulet of regeneration (around neck)
 C - a +4 ring of protection (right hand)
 J - a ring of protection from fire
 R - a ring of ice
 V - a +5 ring of evasion
Wands
 d - a wand of polymorph (6)
 f - a wand of mindburst (30)
 j - a wand of charming (19)
 n - a wand of flame (52)
 A - a wand of acid (12)
 I - a wand of iceblast (21)
Scrolls
 g - 2 scrolls of butterflies
 o - 4 scrolls of teleportation
 q - a scroll of blinking
 s - 3 scrolls of vulnerability
 w - 2 scrolls of fog
 y - a scroll of acquirement
 D - 2 scrolls of amnesia
 E - 3 scrolls of immolation
 L - 4 scrolls of torment
 O - a scroll of fear
 P - 2 scrolls of poison
 S - 4 scrolls of revelation
 T - 5 scrolls of identify
 U - a scroll of silence
Potions
 i - a potion of cancellation
 k - 3 potions of resistance
 l - 4 potions of haste
 m - a potion of berserk rage
 t - 2 potions of lignification
 v - 2 potions of brilliance
 H - 2 potions of enlightenment
Miscellaneous
 K - a box of beasts


   Skills:
 + Level 4.3 Fighting
 + Level 10.3 Short Blades
 + Level 3.3 Armour
 + Level 9.9 Dodging
 + Level 18.4 Stealth
 + Level 0.1 Unarmed Combat
 + Level 18.4 Spellcasting
 + Level 6.1 Conjurations
 + Level 0.9 Hexes
 + Level 3.1 Translocations
 + Level 1.0 Fire Magic
 + Level 5.3 Air Magic
 + Level 10.7 Earth Magic
 + Level 10.7 Alchemy
 + Level 12.8 Invocations
 + Level 1.0 Evocations


You had 6 spell levels left.
You knew the following spells:

 Your Spells              Type           Power      Damage    Failure   Level
a - Sandblast             Erth           28%        2d8       1%          1
b - Passwall              Erth           14%        N/A       1%          3
c - Sting                 Conj/Alch      48%        1d6       1%          1
d - Mercury Vapours       Alch/Air       24%        N/A       1%          2
e - Petrify               Alch/Erth      14%        N/A       1%          4
f - Stone Arrow           Conj/Erth      24%        3d8       1%          3
g - Brom's Barrelling Bo  Conj/Erth      12%        2d4       1%          4
h - Olgreb's Toxic Radia  Alch           14%        N/A       1%          4
i - Arcjolt               Conj/Air       4%         1d14      9%          5
j - Vhi's Electric Charg  Tloc/Air       16%        N/A       5%          4
k - Iskenderun's Mystic   Conj/Tloc      8%         2d4       4%          4
l - Scorch                Fire           10%        2d5       3%          2
m - Tukima's Dance        Hex            5%         N/A       6%          3
n - Starburst             Conj/Fire      3%         6d3       73%         6

Your spell library contained the following spells:

 Spells                   Type           Power      Damage    Failure   Level
 Apportation              Tloc           14%        N/A       1%          1
 Foxfire                  Conj/Fire      28%        2x1d5     1%          1
 Magic Dart               Conj           40%        1d5       1%          1
 Blink                    Tloc           14%        N/A       1%          2
 Alistair's Intoxication  Alch           9%         N/A       1%          5
 Irradiate                Conj/Alch      6%         3d13      2%          5
 Jinxbite                 Hex            10%        N/A       3%          2
 Call Imp                 Summ           8%         N/A       4%          2
 Sublimation of Blood     Necr           4%         N/A       4%          2
 Ozocubu's Armour         Ice            4%         N/A       10%         3
 Borgnjor's Vile Clutch   Necr/Erth      4%         N/A       10%         5
 Dimensional Bullseye     Hex/Tloc       3%         N/A       14%         4
 Cause Fear               Hex            2%         N/A       22%         4
 Anguish                  Hex/Necr       2%         N/A       26%         4
 Summon Blazeheart Golem  Fire/Summ      4%         N/A       26%         4
 Animate Dead             Necr           4%         N/A       30%         4
 Sculpt Simulacrum        Ice/Alch       4%         N/A       47%         6
 Metabolic Englaciation   Hex/Ice        2%         N/A       58%         5
 Plasma Beam              Fire/Air       3%         2x1d13    78%         6
 Death Channel            Necr           2%         N/A       99%         6
 Orb of Destruction       Conj           5%         9d5       91%         7
 Enfeeble                 Hex            2%         N/A       100%        7
 Spellforged Servitor     Conj/Summ      3%         N/A       100%        7
 Borgnjor's Revivificati  Necr           2%         N/A       100%        8
 Ignition                 Fire           2%         3d3       100%        8
 Maxwell's Capacitive Co  Air            4%         ∞         100%        8


Dungeon Overview and Level Annotations

Branches:
Dungeon (15/15)            Temple (1/1) D:6            Lair (3/5) D:10
  Swamp (0/4) Lair:2        Snake (4/4) Lair:2          Orc (2/2) D:10
    Elf (1/3) Orc:2        Vaults (0/5) D:14         Depths (1/4) D:15

Altars:
Ashenzari
Cheibriados
Dithmenos
Elyvilon
Fedhas
Gozag
Hepliaklqana
Kikubaaqudgha
Makhleb
Nemelex Xobeh
Okawaru
Qazlal
Ru
Sif Muna
Trog
Uskayaw
Vehumet
Wu Jian
Xom
Yredelemnul
Zin
The Shining One

Shops:
D:6 ?   Orc:1 (   Orc:2 [:*(?   Elf:1 [   Snake:2 [[[

Portals:
Desolation: Elf:1

Annotations:
D:6 2 transporters, ratatoskos's ghost, novice OpSh
D:8 exclusions: 2 bullfrogs and 2 electric eels
D:14 exclusion: 2 laughing skulls


Innate Abilities, Weirdness & Mutations

You are a swirling mass of dark shadows.
You are immune to unholy torment and to willpower attacks.
Damage taken is halved, but you are drained when taking damage.
Your attacks are insubstantial and do half damage.
You bleed smoke when taking damage.
You are invisible.
You are immune to poison.
Your spellcasting is less reliable in this form.
You are very small and have problems with some larger weapons.
You are too small for most types of armour.
You have supernaturally acute eyesight. (SInv)
You cover ground extremely quickly. (Speed+++)
You are robust. (+10% HP)


Message History

You shake off some of the fire as you move.
The liquid fire burns you!
The deep elf knight casts a spell.
The deep elf knight flickers and vanishes for a moment.
The boulder barrels into the fire elemental!
The fire elemental is almost destroyed.
The fire elemental is knocked back.
There is an escape hatch in the floor here.
You shake off some of the fire as you move.
The liquid fire burns you!
* * * LOW HITPOINT WARNING * * *
The deep elf knight hits your boulder with a +0 short sword!
The deep elf pyromancer hits your boulder with a +0 long sword.
Your boulder is destroyed!
Unknown command.
Casting: Brom's Barrelling Boulder (mildly dangerous; 1% risk of failure)
Confirm with . or Enter, or press ? or * to list all spells.
Aiming: Brom's Barrelling Boulder (mildly dangerous; 1% risk of failure)
Press: ? - help, Dir - move target, f/p - fire elemental
Aim: a fire elemental (almost destroyed, umbra, 100% to hit)
You send a boulder barrelling forward!
The liquid fire burns you!
* * * LOW HITPOINT WARNING * * *
The deep elf knight looks more healthy.
You shake off some of the fire as you move.
The liquid fire burns you!
* * * LOW HITPOINT WARNING * * *
The fire elemental hits your boulder. The fire elemental burns your boulder!
Your boulder resists.
You shake off some of the fire as you move.
The liquid fire burns you!
* * * LOW HITPOINT WARNING * * *
You feel better. The liquid fire burns you!
* * * LOW HITPOINT WARNING * * *
Okay, then.
You turn into a swirling mass of dark shadows.
You feel drained.
You fade into the shadows.
The liquid fire burns you!
You die...

#### ########.# ###..#
+#[....#'# ##....#
##.......## .)....#
#.........#
..#'#.#####.........#
[##.##)...'.........+
##...######.........#
..)....####........8#
.........##'....W...#
....#......##.....#E##
....##...#.####'###.○##
### ###..##..#.# #.#
#∩#E##...## .....)##.#.
#.# #.##○e....#
....⌠..### #.
#8##e°.....# ......##
#. #...ee...... .#...##
#' ##.......... .##.##
##..e......


You could see a fire elemental (unable to see you).

Vanquished Creatures
  Mara (Snake:3)
  Jorgrun (Snake:3)
  Agnes (D:15)
  8 nagarajas
  An orc warlord (Orc:2)
  A very ugly thing (D:15)
  Nessos (Orc:2)
  Snorg (Orc:1)
  Fannar (D:10)
  Harold (Lair:1)
  Josephine (Orc:1)
  6 hydras
  A rakshasa (D:15)
  A great orb of eyes (D:15)
  4 vault guards (D:14)
  An ogre mage (D:15)
  2 salamander tyrants
  6 centaur warriors
  An alligator (Lair:3)
  5 anacondas
  A catoblepas (D:15)
  4 boulder beetles
  Erica (Lair:1)
  9 two-headed ogres
  A tengu warrior (D:15)
  18 naga warriors
  A death knight (D:14)
  5 naga sharpshooters
  5 shock serpents
  Urug (D:10)
  3 orc high priests
  4 deep elf knights
  Amaemon (Lair:3)
  Nergalle (Lair:1)
  5 salamander mystics
  A skyshark (Lair:3)
  A flayed ghost (D:15)
  2 sea snakes (Snake:2)
  4 arcanists
  4 naga ritualists
  10 mana vipers
  A swamp dragon (Lair:2)
  6 deep elf archers
  13 deep elf pyromancers
  2 wolf spiders (D:15)
  4 deep elf zephyrmancers (Elf:1)
  4 orc knights
  6 manticores
  15 ugly things
  4 orc sorcerers
  10 salamanders
  Maurice (D:7)
  A meliai (shapeshifter) (D:15)
  4 cyclopes
  Joseph (D:7)
  30 black mambas
  2 kobold blastminers (Orc:2)
  3 torpor snails (Lair:3)
  A gargoyle (D:13)
  2 guardian serpents
  A rime drake (Lair:1)
  20 naga magi
  An orange demon (Lair:3)
  2 freezing wraiths (D:14)
  16 komodo dragons
  An unseen horror (D:11)
  A kobold demonologist (D:11)
  11 cane toads
  An unseen horror (shapeshifter) (D:12)
  2 yaktaurs
  3 tengu conjurers
  6 trolls
  2 hornets
  4 dream sheep (Lair:3)
  A glass eye (shapeshifter) (D:15)
  2 blink frogs (Lair:3)
  2 shadows
  Sigmund (D:2)
  11 slime creatures
  A water elemental (D:15)
  48 yaks
  6 wyverns
  A human (D:14)
  4 wargs
  3 steam dragons
  4 wraiths
  5 basilisks
  Grum (Lair:1)
  A fire elemental (Elf:1)
  47 nagas
  12 vampire mosquitoes
  21 water moccasins
  5 laughing skulls
  A black bear (D:6)
  15 orc warriors
  12 ogres
  14 wolves
  6 centaurs
  A kobold brigand (D:11)
  14 bullfrogs
  2 gnoll sergeants (D:6)
  A scorpion (D:5)
  3 wights (D:9)
  7 electric eels
  A howler monkey (D:9)
  10 hounds
  7 orc priests
  2 jellies
  3 gnoll boudas
  A sleepcap (D:6)
  An iguana (D:5)
  Ijyb (D:2)
  Natasha (D:3)
  15 orc wizards
  A hell rat (Lair:3)
  Robin (D:2)
  28 gnolls
  7 adders
  A white imp (D:4)
  2 ufetubi (D:5)
  A ribbon worm (D:2)
  43 orcs
  3 ball pythons
  8 endoplasms
  3 giant cockroaches
  21 goblins
  9 hobgoblins
  11 kobolds
  A quokka (D:1)
  3 bats
  3 frilled lizards
  8 rats
756 creatures vanquished.

Vanquished Creatures (collateral kills)
  An ugly thing (D:15)
  45 boulders
46 creatures vanquished.

Vanquished Creatures (others)
  A naga (Snake:1)
  A centaur (D:15)
  An orc (D:7)
  30 boulders
33 creatures vanquished.

Grand Total: 835 creatures vanquished

Notes
Turn   | Place    | Note
-------+----------+-------------------------------------------
     0 | D:1      | Fv001 the Spriggan Earth Elementalist began the quest for
                  | the Orb.
     0 | D:1      | Reached XP level 1. HP: 9/9 MP: 5/5
   171 | D:1      | Learned a level 1 spell: Sting
   558 | D:1      | Reached XP level 2. HP: 13/13 MP: 3/6
  1218 | D:2      | Found a faded altar of an unknown god.
  1417 | D:2      | Reached XP level 3. HP: 16/16 MP: 8/8
  1421 | D:2      | Learned a level 3 spell: Passwall
  1435 | D:2      | Noticed Robin
  1509 | D:2      | Killed Robin
  1756 | D:2      | Noticed Sigmund
  1813 | D:2      | Reached skill level 1 in Conjurations
  1820 | D:2      | Gained mutation: Your magical capacity is low. (-10% MP)
                  | [potion of mutation]
  1820 | D:2      | Gained mutation: You have a beak for a mouth. [potion of
                  | mutation]
  1826 | D:2      | Killed Sigmund
  1827 | D:2      | Reached skill level 1 in Alchemy
  1827 | D:2      | Reached XP level 4. HP: 21/21 MP: 5/10
  1827 | D:2      | Reached XP level 5. HP: 24/24 MP: 5/11
  2025 | D:2      | Noticed Ijyb
  2045 | D:2      | Killed Ijyb
  2051 | D:2      | Reached skill level 5 in Spellcasting
  2273 | D:2      | Learned a level 2 spell: Mercury Vapours
  2613 | D:3      | Noticed Natasha
  2733 | D:3      | Killed Natasha
  2734 | D:3      | Reached XP level 6. HP: 16/28 MP: 8/13
  3237 | D:4      | Reached skill level 1 in Short Blades
  3569 | D:4      | Found a white marble altar of Elyvilon.
  4676 | D:5      | Entered Level 5 of the Dungeon
  4752 | D:5      | Reached XP level 7. HP: 32/32 MP: 11/15
  4858 | D:5      | Lost mutation: Your magical capacity is low. (-10% MP)
                  | [potion of mutation]
  4858 | D:5      | Lost mutation: You have a beak for a mouth. [potion of
                  | mutation]
  4858 | D:5      | Gained mutation: You occasionally lose the ability to drink
                  | potions when taking damage. [potion of mutation]
  4858 | D:5      | Gained mutation: You passively map a small area around you.
                  | [potion of mutation]
  4858 | D:5      | Gained mutation: You are weak. (Str -2) [potion of
                  | mutation]
  4859 | D:5      | Lost mutation: You occasionally lose the ability to drink
                  | potions when taking damage. [potion of mutation]
  4859 | D:5      | Lost mutation: You passively map a small area around you.
                  | [potion of mutation]
  4859 | D:5      | Gained mutation: You expend magic power (3 MP) to
                  | strengthen your wands. [potion of mutation]
  4859 | D:5      | Gained mutation: You have sharp fingernails. [potion of
                  | mutation]
  4859 | D:5      | Gained mutation: Armour fits poorly on your strangely
                  | shaped body. [potion of mutation]
  4859 | D:5      | Gained mutation: Your mind is acute. (Int +4, Str/Dex -1)
                  | [potion of mutation]
  4860 | D:5      | Lost mutation: Armour fits poorly on your strangely shaped
                  | body. [potion of mutation]
  4860 | D:5      | Lost mutation: Your mind is acute. (Int +4, Str/Dex -1)
                  | [potion of mutation]
  4860 | D:5      | Lost mutation: You expend magic power (3 MP) to strengthen
                  | your wands. [potion of mutation]
  4860 | D:5      | Gained mutation: Your magical capacity is low. (-10% MP)
                  | [potion of mutation]
  5183 | D:5      | Found a glowing silver altar of Zin.
  5217 | D:5      | Reached skill level 5 in Stealth
  5624 | D:6      | Found Sule's Magic Scroll Emporium.
  5632 | D:6      | Bought a scroll of identify for 26 gold pieces
  5632 | D:6      | Bought a scroll of identify for 26 gold pieces
  5632 | D:6      | Bought a scroll of teleportation for 39 gold pieces
  5632 | D:6      | Bought a scroll of identify for 26 gold pieces
  5632 | D:6      | Bought a scroll of blinking for 97 gold pieces
  5632 | D:6      | Bought a scroll of identify for 26 gold pieces
  5694 | D:6      | Found a transporter.
  5694 | D:6      | Found a transporter.
  5694 | D:6      | Noticed ratatoskos's ghost (novice OpSh)
  5858 | D:6      | Found a shimmering blue altar of Sif Muna.
  5906 | D:6      | Found an iron altar of Okawaru.
  5983 | D:6      | Found a staircase to the Ecumenical Temple.
  5990 | Temple   | Entered the Ecumenical Temple
  5998 | Temple   | Became a worshipper of Dithmenos the Shadowed
  6042 | D:6      | Found an ornate altar of the Wu Jian Council.
  6042 | D:6      | Found an opulent altar of Gozag.
  6118 | D:6      | Reached skill level 1 in Fighting
  6225 | D:6      | Reached skill level 1 in Invocations
  6225 | D:6      | Reached XP level 8. HP: 37/37 MP: 8/17
  6646 | D:7      | Reached skill level 1 in Air Magic
  6796 | D:6      | Reached * piety under Dithmenos
  7000 | D:7      | Noticed Maurice
  7059 | D:7      | Learned a level 4 spell: Petrify
  7085 | D:7      | Killed Maurice
  7086 | D:7      | Reached skill level 5 in Earth Magic
  7212 | D:7      | Learned a level 3 spell: Stone Arrow
  7255 | D:7      | Noticed Joseph
  7267 | D:7      | Killed Joseph
  7268 | D:7      | Reached XP level 9. HP: 41/41 MP: 6/20
  8106 | D:8      | Noticed a komodo dragon
  8268 | D:8      | Killed a komodo dragon
  8976 | D:9      | Reached skill level 5 in Alchemy
  8997 | D:9      | Reached skill level 5 in Invocations
  9186 | D:9      | Reached XP level 10. HP: 46/46 MP: 17/22
  9235 | D:9      | Reached ** piety under Dithmenos
  9306 | D:9      | Reached skill level 5 in Dodging
  9904 | D:9      | Lost mutation: You have sharp fingernails. [potion of
                  | mutation]
  9904 | D:9      | Lost mutation: Your magical capacity is low. (-10% MP)
                  | [potion of mutation]
  9904 | D:9      | Lost mutation: You are weak. (Str -2) [potion of mutation]
  9904 | D:9      | Gained mutation: You have an increased reservoir of magic.
                  | (+10% MP) [potion of mutation]
  9904 | D:9      | Gained mutation: You are robust. (+10% HP) [potion of
                  | mutation]
  9904 | D:9      | Lost mutation: You have an increased reservoir of magic.
                  | (+10% MP) [potion of mutation]
 10492 | D:9      | Learned a level 4 spell: Brom's Barrelling Boulder
 10497 | D:9      | Learned a level 4 spell: Olgreb's Toxic Radiance
 10519 | D:10     | Entered Level 10 of the Dungeon
 10605 | D:10     | Noticed Fannar
 10635 | D:10     | Found a staircase to the Orcish Mines.
 10664 | D:10     | Killed Fannar
 10665 | D:10     | Reached skill level 10 in Spellcasting
 10948 | D:10     | Noticed Urug
 10975 | D:10     | Killed Urug
 11160 | D:10     | Found a staircase to the Lair.
 11221 | D:10     | Reached *** piety under Dithmenos
 11222 | D:10     | Reached XP level 11. HP: 55/55 MP: 0/26
 11708 | Lair:1   | Entered Level 1 of the Lair of Beasts
 11761 | Lair:1   | You fall into a shaft and drop 1 floor!
 11853 | Lair:1   | Found a broken altar of Ashenzari.
 12045 | Lair:1   | Noticed Harold
 12243 | Lair:1   | Noticed Nergalle
 12255 | Lair:1   | Noticed Grum
 12286 | Lair:1   | Killed Nergalle
 12288 | Lair:1   | Noticed Erica
 12509 | Lair:1   | Killed Harold
 12664 | Lair:1   | Killed Erica
 12665 | Lair:1   | Reached skill level 10 in Stealth
 12817 | Lair:1   | Got the Anthology of Sweltering Unspeakable Secrets
 12836 | Lair:1   | Killed Grum
 13294 | Lair:1   | Reached **** piety under Dithmenos
 13302 | Lair:1   | Reached XP level 12. HP: 59/59 MP: 3/29
 14065 | Lair:2   | Noticed a four-headed hydra
 14120 | Lair:2   | Found a staircase to the Swamp.
 14386 | Lair:2   | Killed a four-headed hydra
 15464 | Lair:2   | Identified the +7 great mace of the Lumpy Brambles {pain,
                  | rN+}
 15754 | Lair:3   | Noticed a five-headed hydra
 15806 | Lair:3   | Reached skill level 5 in Short Blades
 15809 | Lair:3   | Killed a five-headed hydra
 15844 | Lair:3   | Noticed Amaemon
 15864 | Lair:3   | Killed Amaemon
 15873 | Lair:3   | Learned a level 5 spell: Arcjolt
 16754 | Lair:3   | Reached XP level 13. HP: 64/64 MP: 31/31
 16811 | Lair:3   | Identified the +9 rapier of Ytiqen {flame, rElec MP-9 Dex+4
                  | SInv}
 17205 | Lair:3   | Reached skill level 10 in Invocations
 17272 | Lair:3   | Identified the +6 orcbow "Voppabramm" {heavy, Dex+4}
 17278 | Lair:3   | Learned a level 4 spell: Vhi's Electric Charge
 17488 | Orc:1    | Entered Level 1 of the Orcish Mines
 17785 | Orc:2    | Entered Level 2 of the Orcish Mines
 17785 | Orc:2    | Found Efeacwi's Magic Scroll Shop.
 17810 | Orc:2    | Bought a scroll of torment for 123 gold pieces
 17810 | Orc:2    | Bought a scroll of poison for 52 gold pieces
 17810 | Orc:2    | Bought a scroll of identify for 26 gold pieces
 17810 | Orc:2    | Bought a scroll of identify for 26 gold pieces
 17810 | Orc:2    | Bought a scroll of identify for 26 gold pieces
 17811 | Orc:2    | Identified a scroll of acquirement
 17919 | Orc:2    | Found Fatavod's General Store.
 18098 | Orc:2    | Noticed an orc warlord
 18118 | Orc:2    | Noticed Nessos
 18139 | Orc:1    | Reached skill level 1 in Translocations
 18435 | Orc:2    | Killed an orc warlord
 18552 | Orc:2    | HP: 2/64 [Nessos/arrow (23)]
 18624 | Orc:2    | Killed Nessos
 18702 | Orc:2    | Found Kask's Antique Weapon Boutique.
 18874 | Orc:2    | Found a staircase to the Elven Halls.
 18903 | Orc:2    | Bought a scroll of enchant weapon for 135 gold pieces
 18929 | Orc:2    | Found Wuoto's Book Boutique.
 19202 | Orc:2    | Found Iruagivi's Antique Armour Boutique.
 19222 | Orc:2    | Bought a glowing orb for 264 gold pieces
 19222 | Orc:2    | Bought a shiny orb for 264 gold pieces
 19375 | Orc:2    | Reached ***** piety under Dithmenos
 19469 | Orc:1    | Noticed Snorg
 19660 | Orc:1    | Noticed Josephine
 19661 | Orc:1    | Killed Snorg
 19663 | Orc:1    | Killed Josephine
 19843 | Orc:1    | Found Ellegh's Antique Weapon Boutique.
 20329 | D:11     | Reached XP level 14. HP: 69/69 MP: 31/33
 20410 | D:11     | Identified the +0 hat "Esan" {rElec Str+2 SInv}
 23415 | D:13     | Reached skill level 15 in Spellcasting
 25498 | D:14     | Reached skill level 15 in Stealth
 25559 | D:15     | Entered Level 15 of the Dungeon
 25620 | D:15     | Noticed Agnes
 26459 | D:15     | Killed Agnes
 26552 | D:15     | Reached ****** piety under Dithmenos
 26556 | D:15     | Reached XP level 15. HP: 50/74 MP: 0/35
 28114 | D:15     | Found a staircase to the Depths.
 28354 | D:15     | Reached skill level 5 in Air Magic
 28480 | D:15     | Paralysed by a hornet for 3 turns
 28486 | D:15     | HP: 2/74 [flayed ghost (21)]
 28831 | D:15     | Reached skill level 1 in Evocations
 29187 | Lair:2   | Found a staircase to the Snake Pit.
 29494 | Snake:1  | Entered Level 1 of the Snake Pit
 30490 | Snake:2  | Found Dubin's Armour Emporium.
 30492 | Snake:2  | Found Kiesitel's Armour Shoppe.
 30494 | Snake:2  | Found Ylaijoh's Antique Armour Emporium.
 30677 | Snake:2  | Noticed a nagaraja
 30973 | Snake:2  | Reached skill level 10 in Alchemy
 31172 | Snake:2  | Identified the +1 robe "Zucvic" {rN+ rCorr}
 31222 | Snake:2  | Reached skill level 5 in Conjurations
 31505 | Snake:2  | Identified the +1 falchion of Dithmenos's Esteem {flame,
                  | Int+4}
 32186 | Snake:2  | Reached skill level 1 in Armour
 32791 | Snake:2  | Killed a nagaraja
 33294 | Snake:2  | Reached XP level 16. HP: 76/81 MP: 32/37
 33528 | Snake:3  | Noticed Jorgrun
 33547 | Snake:3  | Killed Jorgrun
 33864 | Snake:3  | Noticed Mara
 33878 | Snake:3  | Killed Mara
 34940 | Snake:3  | Reached skill level 10 in Earth Magic
 35824 | Snake:4  | Entered Level 4 of the Snake Pit
 37389 | Snake:4  | Learned a level 4 spell: Iskenderun's Mystic Blast
 38495 | Snake:4  | Learned a level 2 spell: Scorch
 39420 | Snake:4  | Reached skill level 10 in Short Blades
 40188 | Snake:4  | Got a serpentine rune of Zot
 40264 | Snake:4  | Reached XP level 17. HP: 50/85 MP: 26/40
 40555 | Lair:1   | Learned a level 3 spell: Tukima's Dance
 40562 | Lair:1   | Learned a level 6 spell: Starburst
 40713 | Depths:1 | Entered Level 1 of the Depths
 40955 | D:14     | Found a gate to the Vaults.
 41028 | D:14     | Reached skill level 1 in Fire Magic
 41160 | Elf:1    | Entered Level 1 of the Elven Halls
 41471 | Elf:1    | Found a crumbling gateway.
 41995 | Elf:1    | Found Iggonkel's Antique Armour Boutique.
 42017 | Elf:1    | HP: 1/86 [burnt (13)]
 42018 | Elf:1    | Incinerated by a deep elf pyromancer

Illustrated notes

Levels and vault maps discovered:
D:1:      dpeg_arrival_boxes_within_box, layout_basic
D:2:      kennysheep_the_goblin_king, layout_loops_ring,
          ebering_ecumenical_altar_rust, uniq_sigmund, uniq_robin
D:3:      layout_rooms, uniq_natasha
D:4:      layout_cave_pods, overflow_temple_1_default
D:5:      layout_rooms, zin_statuary
D:6:      layout_basic, mainiacjoe_overflow_alcove_2, kennysheep_little_box,
          amethyst_overflow_temple_binary, minmay_temple_entry_drinking_statues,
          gammafunk_ghost_arena, serial_shops, nicolae_shop_hallway_stairs,
          grunt_ministairs_5
D:7:      layout_basic, uniq_maurice, uniq_joseph
D:8:      layout_basic, water_boxes_lemuel
D:9:      layout_gridville
D:10:     layout_gridville, erik_lair_island, hiddenorc1_lemuel, uniq_fannar,
          uniq_urug
D:11:     layout_rooms
D:12:     layout_roguey, serial_corexii_hall, chequers_hall_statues_corner_a,
          chequers_hall_statues_corner_a
D:13:     layout_roguey, serial_bayou_pond_e
D:14:     layout_layer_cave, grunt_vaults_entry_fortified, nrook_mini_backslash,
          minmay_misc_feat_square, minivault_19
D:15:     gammafunk_enter_depths_forms, layout_basic, minmay_misc_feat_doors,
          minmay_misc_feat_secret_circle, minivault_28, uniq_agnes
Temple:   compressed_dpeg_triangle_lava_temple
Lair:1:   hellmonk_ruined_rings, layout_long_grid, basic_altar,
          lemuel_fruit_fields, uniq_grum, uniq_harold, uniq_nergalle, uniq_erica
Lair:2:   beast_lair_carwin_large_1, layout_small_grid,
          mainiacjoe_swamp_entry_lozenge_pond,
          minmay_snake_entry_guardpost_small, serial_bayou_lake_a
Lair:3:   nzn_winding_woodlands_huge [nzn_winding_woodlands_5x15_longhouse,
          nzn_winding_woodlands_5x15_sidewinder,
          nzn_winding_woodlands_5x15_river_crossing,
          nzn_winding_woodlands_5x15_pockets, nzn_winding_woodlands_5x15_jagged,
          nzn_winding_woodlands_5x15_concentric,
          nzn_winding_woodlands_5x15_crooked, nzn_winding_woodlands_5x15_garden,
          nzn_winding_woodlands_5x15_cabin, nzn_winding_woodlands_5x15_zeroes,
          nzn_winding_woodlands_center_diamonds,
          nzn_winding_woodlands_center_garden,
          nzn_winding_woodlands_15x15_boxy_spiral], layout_hall_layers,
          ebering_ghost_funeral_grove, uniq_amaemon
Snake:1:  layout_gridlike
Snake:2:  layout_onion, minmay_shop_star, serial_bayou_shore_a,
          grunt_megastairs_4
Snake:3:  layout_honeycomb, uniq_jorgrun, uniq_mara
Snake:4:  snake_pit, layout_cave_shapes, grunt_megastairs_5
Orc:1:    layout_caves, serial_shops, nicolae_shop_tiny_waterfront,
          uniq_josephine, uniq_snorg
Orc:2:    grunt_orc_gardens, layout_caves, grunt_orc_garden, grunt_orc_garden,
          grunt_orc_garden, grunt_orc_garden, serial_shops,
          nicolae_shop_tiny_statue_garden, uniq_nessos
Elf:1:    elf_arrival_001, layout_geoelf_octagon, serial_shops, shop_coins,
          shop_statue, shop, portal_desolation_entry_garden,
          minmay_elf_crystal_hexagon
Depths:1: layout_gridlike, hellmouth_1, nicolae_abyss_entry_one_way_or_another,
          nicolae_uskayaw_murder_on_the_dancefloor, serial_bayou_pond_e,
          nicolae_letterblocks [nicolae_letter_subblock,
          nicolae_letter_subblock, nicolae_letter_subblock,
          nicolae_letter_subblock, nicolae_letter_subblock,
          nicolae_letter_subblock, nicolae_letter_subblock,
          nicolae_letter_subblock, nicolae_letter_subblock,
          nicolae_letter_subblock, nicolae_letter_subblock,
          nicolae_letter_subblock, nicolae_letter_subblock,
          nicolae_letter_subblock, nicolae_letter_subblock,
          nicolae_letter_subblock, nicolae_letter_subblock,
          nicolae_letter_subblock, nicolae_letter_subblock,
          nicolae_letter_subblock, nicolae_letter_subblock,
          nicolae_letter_subblock, nicolae_letter_subblock,
          nicolae_letter_subblock, nicolae_letter_subblock],
          serial_bayou_shore_b, uniq_norris, uniq_boris

Skill      XL: |  1  2  3  4  5  6  7  8  9 10 11 12 13 14 15 16 17 |
---------------+----------------------------------------------------+-----
Earth Magic    | 3 4 5 6 7 8 9 10 | 10.7
Spellcasting   | 3 4 5 6 8 9 10 12 13 14 15 16 18 | 18.4
Dodging        | 3 4 5 6 7 8 9 |  9.9
Conjurations   | 1 2 3 4 5 6 |  6.1
Alchemy        | 1 2 3 4 5 6 7 8 9 10 | 10.7
Short Blades   | 1 2 3 4 5 7 8 9 10 | 10.3
Stealth        | 4 5 6 7 9 10 12 13 15 16 17 18 | 18.4
Fighting       | 1 2 3 4 |  4.3
Invocations    | 1 3 5 6 8 9 10 12 | 12.8
Air Magic      | 1 2 3 4 5 |  5.3
Translocations | 1 2 3 |  3.1
Evocations     | 1 |  1.0
Armour         | 1 3 |  3.3
Fire Magic     | 1 |  1.0
Unarmed Combat | |  0.1
Hexes          | |  0.9

Action                     |  1- 3 |  4- 6 |  7- 9 | 10-12 | 13-15 | 16-18 || total
---------------------------+-------+-------+-------+-------+-------+-------++-------
  Melee: Dagger            |    18 |    38 |    77 |   206 |   220 |    60 ||   619
         Unarmed           |     2 |       |       |       |       |       ||     2
         Peck              |       |     4 |       |       |       |       ||     4
         Punch             |       |       |     1 |     4 |     5 |     3 ||    13
         Rapier            |       |       |       |    76 |   313 |   258 ||   647
   Cast: Sting             |    30 |    38 |    82 |    32 |    29 |       ||   211
         Sandblast         |    21 |    28 |    25 |    10 |     7 |     3 ||    94
         Mercury Vapours   |       |     9 |    30 |    19 |    19 |       ||    77
         Passwall          |       |     6 |    10 |    18 |    45 |    14 ||    93
         Stone Arrow       |       |       |     7 |    57 |    78 |   145 ||   287
         Petrify           |       |       |     6 |    40 |    55 |    28 ||   129
         Olgreb's Toxic Ra |       |       |       |    31 |    32 |    12 ||    75
         Brom's Barrelling |       |       |       |    23 |    49 |    29 ||   101
         Arcjolt           |       |       |       |     1 |    39 |    22 ||    62
         Vhi's Electric Ch |       |       |       |       |    18 |    16 ||    34
         Iskenderun's Myst |       |       |       |       |       |    12 ||    12
         Scorch            |       |       |       |       |       |     9 ||     9
         Tukima's Dance    |       |       |       |       |       |     1 ||     1
 Invoke: Shadow Step       |       |       |       |     2 |     6 |     3 ||    11
         Shadow Form       |       |       |       |       |       |     2 ||     2
  Evoke: Wand              |       |       |       |       |     3 |     2 ||     5
         Box of beasts     |       |       |       |       |       |     1 ||     1
    Use: Scroll            |     2 |     5 |     6 |     5 |    11 |     4 ||    33
         Potion            |     6 |       |     3 |     2 |     4 |    14 ||    29
   Stab: Sleeping          |     1 |     7 |     9 |    25 |    84 |    24 ||   150
         Distracted        |     1 |       |       |       |     2 |     3 ||     6
         Petrified         |       |       |     9 |    28 |    32 |    11 ||    80
         Petrifying        |       |       |     3 |    13 |    11 |     5 ||    32
 Armour: Robe              |    11 |    19 |    48 |     9 |       |    31 ||   118
         Steam dragon scal |       |       |       |   105 |   152 |       ||   257
         Swamp dragon scal |       |       |       |       |    75 |   136 ||   211
  Dodge: Dodged            |    19 |    31 |    97 |   264 |   557 |   434 ||  1402
